 Dungeon Crawl Stone Soup version 0.21.1-1-g345015f (webtiles) character file.

70 torrenera the Skirmisher (level 4, -2/50 HPs)
             Began as an Ogre Fighter on Apr 13, 2018.
             Slain by an orc
             ... wielding a +0 whip
              (5 damage)
             ... on level 2 of the Dungeon.
             The game lasted 00:03:07 (1825 turns).

torrenera the Skirmisher (Ogre Fighter)             Turns: 1825, Time: 00:03:08

Health: -2/50      AC:  3    Str: 26    XL:     4   Next: 21%
Magic:  4/4        EV:  8    Int:  9    God:
Gold:   128        SH:  8    Dex:  8    Spells: 3/3 levels left

rFire    . . .     SeeInvis .   a - +0 flail
rCold    . . .     Gourm    .   c - +0 shield
rNeg     . . .     Faith    .   b - +0 robe
rPois    .         Spirit   .   (helmet restricted)
rElec    .         Reflect  .   (no cloak)
rCorr    .         Harm     .   (gloves unavailable)
MR       .....                  (boots unavailable)
Stlth    +.........             (no amulet)
HPRegen  0.16/turn              (no ring)
MPRegen  0.09/turn              (no ring)

@: mighty, drained
A: large, unfitting armour, tough skin 1
a: no special abilities


You were on level 2 of the Dungeon.
You were not hungry.

You visited 1 branch of the dungeon, and saw 3 of its levels.

You collected 128 gold pieces.

Inventory:

Hand Weapons
 a - a +0 flail (weapon)
Missiles
 l - 81 stones (quivered)
 m - 38 poisoned needles
 r - 4 curare-tipped needles
Armour
 b - a +0 robe (worn)
 c - a +0 shield (worn)
Jewellery
 k - an uncursed amulet of the gourmand {unknown}
 p - a cursed amulet of inaccuracy {unknown}
Scrolls
 i - a scroll of immolation {unknown}
 n - 2 scrolls of noise {unknown}
 o - 2 scrolls of remove curse {unknown}
 s - a scroll of teleportation {unknown}
Potions
 d - a potion of might
 e - a potion of curing {unknown}
 g - a potion of flight {unknown}
 h - a potion of brilliance {unknown}
 j - a potion of mutation {unknown}
Comestibles
 f - 7 rations


   Skills:
 + Level 5.1(4.9) Fighting
 * Level 3.3(3.1) Maces & Flails
 - Level 2.6(2.5) Dodging
 - Level 2.6(2.5) Shields


You had 3 spell levels left.
You didn't know any spells.

Dungeon Overview and Level Annotations

Branches:
Dungeon (3/15)

Altars:
Trog


Innate Abilities, Weirdness & Mutations

You are too large for most types of armour.
You have tough skin. (AC +1)


Message History

You block the jackal's attack. The orc hits you with a whip.
The jackal bites you.
* * * LOW HITPOINT WARNING * * *
The jackal bites you.
* * * LOW HITPOINT WARNING * * *
You climb upwards.
There is a stone staircase leading down here.
You can't go up here!
Unknown command.
You feel very mighty all of a sudden.
The jackal bites you but does no damage.
The jackal bites you.
* * * LOW HITPOINT WARNING * * *
The jackal bites you.
* * * LOW HITPOINT WARNING * * *
The orc wizard gestures at you while chanting.
The magic dart hits you!
* * * LOW HITPOINT WARNING * * *
The orc hits you with a whip.
You die...

###.# ###########...###
#...# #.....# #....# #.###
#.....# #....# ###.#
#.....########.### #...#
##.(............... #.###
#.<.....##......##. # #.#
####.#..##.##......##. # #.#
#....#h.#...#.....###. # #.#
#.^.h@o...#.#.....###. ####
#.###...o#h##...##........
...#
#.#........###.###..######
##.# #.#.##.#.......###..#
.#.# #.#.##.##...........#
#### .#.#
#......##.#.#.......# #...
§#.#######.#####.#.##.######
#.## ........##.#####.#.####
#.# #######.##....†..#.##
##.##


You could see an orc wizard, an orc and 3 jackals.

Vanquished Creatures
  2 adders
  2 worms
  3 dart slugs
  An orc (D:3)
  2 ball pythons (D:2)
  3 goblins (D:1)
  4 hobgoblins
  4 jackals
  6 bats
  2 frilled lizards (D:1)
  5 kobolds
  7 rats
41 creatures vanquished.

Notes
Turn   | Place    | Note
-------+----------+-------------------------------------------
     0 | D:1      | torrenera the Ogre Fighter began the quest for the Orb.
     0 | D:1      | Reached XP level 1. HP: 24/24 MP: 1/1
   202 | D:1      | Reached XP level 2. HP: 24/33 MP: 2/2
   543 | D:1      | Reached XP level 3. HP: 33/40 MP: 3/3
   755 | D:2      | Found a bloodstained altar of Trog.
  1190 | D:2      | Reached skill level 5 in Fighting
  1525 | D:2      | Reached XP level 4. HP: 50/50 MP: 4/4
  1825 | D:2      | Slain by an orc

Skill      XL: |  1  2  3 |
---------------+----------+-----
Maces & Flails | 2 3 |  3.3
Fighting       | 5 |  5.1
Dodging        | |  2.6
Shields        | |  2.6

Action                   |  1- 3 |  4- 6 || total
-------------------------+-------+-------++-------
Melee: Flail             |   126 |    31 ||   157
Throw: Stone             |    10 |       ||    10
  Use: Potion            |       |     1 ||     1
  Eat: Chunk             |     2 |     1 ||     3
Armor: Robe              |    40 |    20 ||    60
Dodge: Dodged            |    46 |    27 ||    73
Block: Shield            |    76 |    32 ||   108
